 Dungeon Crawl Stone Soup version 0.27-a0-1612-gde56a17b89 (webtiles) character file.

Game seed: 4057523817488190122

195 Anon1729 the Spear-Bearer (level 5, 0/41 HPs)
             Began as a Merfolk Monk on July 21, 2021.
             Slain by an ogre (13 damage)
             ... on level 4 of the Dungeon.
             The game lasted 00:03:46 (3361 turns).

Anon1729 the Spear-Bearer (Merfolk Monk)            Turns: 3361, Time: 00:03:46

Health: 0/41       AC:  6    Str: 11    XL:     5   Next: 74%
Magic:  5/5        EV: 13    Int: 10    God:
Gold:   127        SH:  0    Dex: 17    Spells: 4/4 levels left

rFire    . . .     SeeInvis .   h - +0 spear (vorpal)
rCold    . . .     Faith    .   (no shield)
rNeg     . . .     Spirit   .   c - +0 leather armour
rPois    .         Reflect  .   g - +2 helmet
rElec    .         Harm     .   (no cloak)
rCorr    .         Rampage  .   (no gloves)
Will     .....                  (no boots)
Stlth    ++........             (no amulet)
HPRegen  0.13/turn              (no ring)
MPRegen  0.09/turn              (no ring)

@: no status effects
A: (nimble swimmer 2), mertail
a: no special abilities


You were on level 4 of the Dungeon.
You visited 1 branch of the dungeon, and saw 5 of its levels.

You collected 127 gold pieces.

Inventory:

Hand Weapons
 f - a +2 vampiric short sword
 h - a +0 vorpal spear (weapon)
Missiles
 a - 37 poisoned darts (quivered)
Armour
 b - a +0 robe
 c - a +0 leather armour (worn)
 g - a +2 helmet (worn)
Wands
 j - a wand of iceblast (6)
 k - a wand of flame (15)
Scrolls
 i - a scroll of acquirement {unknown}
 l - a scroll of fear {unknown}
 n - a scroll of immolation {unknown}
 o - a scroll of teleportation {unknown}
 p - a scroll of fog {unknown}
 q - a scroll of blinking {unknown}
 r - a scroll of enchant armour {unknown}
 s - a scroll of identify
Potions
 d - 2 potions of heal wounds
 e - a potion of brilliance
 m - a potion of cancellation


   Skills:
 - Level 3.3 Fighting
 + Level 9.0 Polearms
 - Level 4.0 Dodging
 - Level 2.2 Stealth


You had 4 spell levels left.
You didn't know any spells.
Your spell library contained the following spells:

 Spells                   Type           Power      Damage    Failure   Level
 Call Canine Familiar     Summ           0%         N/A       83%         3
 Portal Projectile        Hex/Tloc       0%         N/A       83%         3
 Cause Fear               Hex            0%         N/A       99%         4
 Leda's Liquefaction      Hex/Erth       0%         N/A       99%         4
 Dragon Form              Tmut           0%         N/A       100%        7
 Dragon's Call            Summ           0%         N/A       100%        9


Dungeon Overview and Level Annotations

Branches:
Dungeon (5/15)
 Temple: D:4-7

Altars:
Beogh


Innate Abilities, Weirdness & Mutations

((You are quick and stealthy near water. (Stealth+, EV+, Speed+++)))
Your lower body shifts to a powerful aquatic tail in water.


Message History

You hit the water moccasin zombie.
The water moccasin zombie is lightly damaged.
The water moccasin zombie barely misses you.
You closely miss the water moccasin zombie.
The water moccasin zombie is lightly damaged.
The water moccasin zombie bites you but does no damage.
You hit the water moccasin zombie but do no damage.
The water moccasin zombie is lightly damaged.
The water moccasin zombie bites you.
You hit the water moccasin zombie.
The water moccasin zombie is moderately damaged.
The water moccasin zombie bites you.
You hit the water moccasin zombie.
The water moccasin zombie is moderately damaged.
The water moccasin zombie misses you.
You barely miss the water moccasin zombie.
The water moccasin zombie is moderately damaged.
You hit the ogre.
The ogre is lightly wounded.
You hit the ogre but do no damage.
The ogre is lightly wounded.
You hit the ogre.
The ogre is moderately wounded.
You hit the ogre.
The ogre is moderately wounded.
The ogre misses you.
You barely miss the ogre.
The ogre is moderately wounded.
The ogre hits you with a +0 giant club!!
Ouch! That really hurt!
* * * LOW HITPOINT WARNING * * *
You are too injured to fight recklessly!
You are too injured to fight recklessly!
You are too injured to fight recklessly!
Found a stone staircase leading down.
There is a stone staircase leading up here.
You climb upwards.
There is a stone staircase leading down here.
The ogre hits you with a +0 giant club!
You die...

## ### .## #.#
.⌠#### #.# ...#.#
##### #.# .....#
#...# #.# ...÷)#
#...# #.#
.⌠##.###...######.#
...........+.....>#
.#.#.#.#...#....@O##
........<..........#
.#.###.####........#
.#.# #.# #........#
.#.# #.# #........#
##.# #.####........#
#.# #....'........#
#.# ######........#
#.# #####........#


You could see an ogre.

Vanquished Creatures
  A centaur (D:4)
  3 adders
  A worm (D:3)
  4 dart slugs
  6 orcs (D:3)
  9 bats
  6 endoplasms
  2 giant cockroaches
  6 goblins
  7 hobgoblins
  5 jackals
  7 kobolds
  3 quokkas
  2 ball pythons
  6 frilled lizards
  5 rats
73 creatures vanquished.

Notes
Turn   | Place    | Note
-------+----------+-------------------------------------------
     0 | D:1      | Anon1729 the Merfolk Monk began the quest for the Orb.
     0 | D:1      | Reached XP level 1. HP: 18/18 MP: 1/1
    89 | D:1      | Reached skill level 5 in Polearms
   211 | D:1      | Reached XP level 2. HP: 21/24 MP: 2/2
   868 | D:1      | Reached XP level 3. HP: 29/29 MP: 3/3
   888 | D:1      | Reached skill level 6 in Polearms
  1844 | D:3      | Reached XP level 4. HP: 19/35 MP: 4/4
  1847 | D:3      | Reached skill level 7 in Polearms
  2171 | D:3      | Found a faded altar of an unknown god.
  2736 | D:4      | Noticed a centaur
  2762 | D:4      | Killed a centaur
  2763 | D:4      | Reached skill level 8 in Polearms
  2763 | D:4      | Reached XP level 5. HP: 27/41 MP: 5/5
  3033 | D:4      | Reached skill level 9 in Polearms
  3312 | D:5      | Entered Level 5 of the Dungeon
  3332 | D:5      | Noticed an ogre
  3361 | D:4      | Slain by an ogre

Illustrated notes

Levels and vault maps discovered:
D:1:      lightli_molten_gateway, layout_rooms, hex_tiny, minmay_small_reverse_x
D:2:      layout_loops_cross
D:3:      layout_basic, portal_sewer_entry_d,
          hellmonk_ecumenical_altar_defaced_shrine, kennysheep_generic_room_12
D:4:      layout_basic, grunt_ministairs_1, small_statue_intersection
D:5:      layout_loops_ring, minmay_temple_entry_fiery,
          chequers_serial_rivers_micro_e, grunt_ministairs_4,
          kennysheep_small_square

Skill      XL: |  1  2  3  4  5 |
---------------+----------------+-----
Polearms       | 5 6 8 9 |  9.0
Fighting       | |  3.3
Dodging        | |  4.0
Stealth        | |  2.2

Action                   |  1- 3 |  4- 6 || total
-------------------------+-------+-------++-------
Melee: Spear             |   171 |   113 ||   284
  Use: Scroll            |       |     4 ||     4
 Stab: Sleeping          |     8 |     5 ||    13
Armor: Robe              |     4 |       ||     4
       Leather armour    |    23 |    23 ||    46
Dodge: Dodged            |    78 |    63 ||   141

Table legend: (Time is in decaauts)
 A = Elapsed time spent in this place.
 B = Non-inter-level travel time spent in this place.
 C = Inter-level travel time spent in this place.
 D = Time resting spent in this place.
 E = Time spent auto-exploring this place.
 F = Levels seen in this place.
 G = Mean time per level.
                   A        B        C        D        E       F      G
               +--------+--------+--------+--------+--------+-----+--------+
         Total |   3292 |   3203 |     89 |    504 |   2179 |   5 |  658.4 |
       Dungeon |   3292 |   3203 |     89 |    504 |   2179 |   5 |  658.4 |
               +--------+--------+--------+--------+--------+-----+--------+

Top non-repeatable levels by time:
     D:1: 1124 daAuts
     D:3: 874 daAuts
     D:2: 665 daAuts
     D:4: 585 daAuts
     D:5: 43 daAuts
